 Dungeon Crawl Stone Soup version 0.28-a0-750-g7c675f85b1 (webtiles) character file.

Game seed: 16605262364556408535

2552 ytrimaz the Thaumaturge (level 9, 0/57 HPs)
             Began as a Demonspawn Necromancer on Oct 29, 2021.
             Was an Initiate of Kikubaaqudgha.
             Slain by an orc warrior (18 damage)
             ... in a bailey.
             The game lasted 00:12:32 (9805 turns).

ytrimaz the Thaumaturge (Demonspawn Necromancer)    Turns: 9805, Time: 00:12:33

Health: 0/57       AC: 14    Str: 11    XL:     9   Next: 31%
Magic:  0/21       EV: 12    Int: 20    God:    Kikubaaqudgha [......]
Gold:   664        SH:  0    Dex: 13    Spells: 21/25 levels left

rFire   . . .      SeeInvis .     - Unarmed
rCold   . . .      Faith    .   (no shield)
rNeg    + . .      Spirit   +   z - +1 steam dragon scales
rPois   .          Reflect  .   (no helmet)
rElec   .          Harm     .   (no cloak)
rCorr   .          Rampage  .   (no gloves)
Will    .....                   s - +0 pair of boots
Stlth   ++........              y - amulet of regeneration
HPRegen 1.19/turn               i - ring of positive energy
MPRegen 0.34/turn               (no ring)

@: mighty, sanguine armoured, invisible
A: claws 1, spiny 2, magic shield, magic regeneration, sanguine armour 1, shaggy
fur 1, strong 1
a: Renounce Religion


You were in a bailey.
You worshipped Kikubaaqudgha.
Kikubaaqudgha was noncommittal.
You visited 2 branches of the dungeon, and saw 9 of its levels.
You also visited: Bailey.

You collected 1255 gold pieces.
You spent 591 gold pieces at shops.

Inventory:

Armour
 s - a +0 pair of boots (worn)
 z - +1 steam dragon scales (worn)
Jewellery
 g - an amulet of magic regeneration
 i - a ring of positive energy (left claw)
 q - a ring of ice
 y - an amulet of regeneration (around neck)
Wands
 d - a wand of flame (19)
 n - a wand of charming (8)
 t - a wand of polymorph (6)
 w - a wand of iceblast (5)
Scrolls
 h - 3 scrolls of magic mapping
 j - 3 scrolls of teleportation
 r - 3 scrolls of fog
 x - a scroll of amnesia
Potions
 b - a potion of might
 c - 2 potions of curing
 e - a potion of lignification
 f - a potion of attraction
 k - 3 potions of flight
 l - a potion of cancellation
 m - a potion of magic
 v - a potion of brilliance {unknown}


   Skills:
 - Level 1.3 Short Blades
 + Level 2.8 Dodging
 - Level 2.0 Stealth
 * Level 4.7 Unarmed Combat
 * Level 8.5 Spellcasting
 * Level 8.2 Necromancy


You had 21 spell levels left.
You knew the following spells:

 Your Spells              Type           Power      Damage    Failure   Level
a - Pain                  Necr           100%       1d9       1%          1
b - Vampiric Draining     Necr           20%        2d8       1%          3

Your spell library contained the following spells:

 Spells                   Type           Power      Damage    Failure   Level
 Animate Skeleton         Necr           82%        N/A       1%          1
 Animate Dead             Necr           20%        N/A       2%          4
 Agony                    Necr           41%        N/A       8%          5
 Apportation              Tloc           16%        N/A       9%          1
 Summon Small Mammal      Summ           32%        N/A       9%          1
 Ensorcelled Hibernation  Hex/Ice        16%        N/A       12%         2
 Spider Form              Tmut/Pois      4%         N/A       24%         3


Dungeon Overview and Level Annotations

Branches:
Dungeon (8/15)             Temple (1/1) D:7          Bailey (1/1)
   Lair: D:8-11

Altars:
Ashenzari
Cheibriados
Dithmenos
Elyvilon
Gozag
Hepliaklqana
Kikubaaqudgha
Makhleb
Nemelex Xobeh
Okawaru
Ru
Sif Muna
Uskayaw
Wu Jian
Yredelemnul
Zin
The Shining One

Shops:
D:1 *[*[

Annotations:
D:6 3 runed translucent doors, lawman0's ghost, novice DDFi


Innate Abilities, Weirdness & Mutations

You have sharp fingernails.
You are mostly covered in sharp spines.
When hurt, damage is shared between your health and your magic reserves.
You regenerate magic rapidly.
When seriously injured, your bleeding wounds create armour. (AC +6)
You are covered in fur. (AC +1)
Your muscles are strong. (Str +2)


Message History

Aim: an orc warrior, wielding a +0 halberd and wearing a +0 chain mail (almost dead, strong)
You draw life force from the orc warrior!
You kill the orc warrior!
Kikubaaqudgha accepts your kill.
You feel life coursing into your body.
An orc warrior comes into view. It is wielding a +0 halberd.
The orc knight hits you with a +0 glaive!
You barely miss the orc knight.
The orc knight is lightly wounded.
The orc knight barely misses you.
You scratch the orc knight but do no damage.
The orc knight is lightly wounded.
The orc knight is struck by your spines.
The orc knight hits you but does no damage.
You claw the orc knight!
The orc knight is moderately wounded.
The orc knight roars a battlecry!
The orc warrior goes into a battle-frenzy!
You hear a shout!
You scratch the orc knight.
The orc knight is moderately wounded.
The orc knight is struck by your spines.
The orc knight hits you with a +0 glaive!!
* * * LOW HITPOINT WARNING * * *
Unknown command.
It was a potion of mutation.
You feel extremely strange. Fur sprouts all over your body.
You feel stronger.
The orc knight hits you with a +0 glaive!
* * * LOW HITPOINT WARNING * * *
Unknown command.
You feel better.
The orc knight hits you with a +0 glaive.
* * * LOW HITPOINT WARNING * * *
It was a potion of invisibility.
You fade into invisibility!
The orc warrior shoots a bolt.
The bolt hits the orc knight but does no damage.
The orc warrior hits you from afar with a +0 halberd!!
You die...
Kikubaaqudgha rasps: "You have failed me!
Welcome... death!"

### ##∩## #.@.#
#o).#
≈o≈≈.....o.≈≈o≈
.oo≈.......≈oo.
≈o≈≈.......≈≈o≈
≈≈≈..#...#..≈≈≈
....##...##....
#### ##∩## ####
###


You could see an orc knight, 3 orc warriors and 2 orcs.

Vanquished Creatures
  Pikel (D:4)
  A steam dragon (D:8)
  2 orc warriors
  3 black bears
  An ice beast (D:6)
  An ogre (D:6)
  A centaur (D:7)
  2 lemures (D:4)
  A phantom (D:6)
  Blork the orc (D:5)
  A kobold brigand (D:8)
  2 bullfrogs (D:6)
  A scorpion (D:5)
  A water moccasin zombie (D:5)
  A howler monkey (D:6)
  4 hounds
  A jelly (D:7)
  An orc priest (D:4)
  A scorpion zombie (D:5)
  Natasha (thrice) (D:3)
  2 iguanas
  7 orc wizards
  A howler monkey skeleton (D:6)
  2 howler monkey zombies
  4 gnolls (D:6)
  3 adders
  A white imp (D:7)
  An ufetubus (D:5)
  A worm (D:2)
  4 dart slugs
  31 orcs
  2 bats
  7 endoplasms
  3 giant cockroaches
  9 goblins
  3 hobgoblins (D:1)
  17 jackals
  11 kobolds
  3 quokkas
  8 ball pythons
  5 rats
155 creatures vanquished.

Vanquished Creatures (others)
  3 fungi (D:6)
  2 plants
5 creatures vanquished.

Grand Total: 160 creatures vanquished

Notes
Turn   | Place    | Note
-------+----------+-------------------------------------------
     0 | D:1      | ytrimaz the Demonspawn Necromancer began the quest for the
                  | Orb.
     0 | D:1      | Reached XP level 1. HP: 13/13 MP: 3/3
   251 | D:1      | Found Ukhiev's Assorted Antiques.
   316 | D:1      | Gained mutation: You are partially covered in sharp spines.
                  | [demonic ancestry]
   316 | D:1      | Reached XP level 2. HP: 2/19 MP: 1/5
   884 | D:1      | Found Danelom's Armour Shoppe.
  1015 | D:1      | Found a faded altar of an unknown god.
  1237 | D:1      | Found Ymao's Antique Armour Emporium.
  1385 | D:1      | Found Teawkunu's Assorted Antiques.
  1766 | D:2      | Reached skill level 5 in Necromancy
  1766 | D:2      | Gained mutation: When seriously injured, your bleeding
                  | wounds create armour. (AC +6) [demonic ancestry]
  1766 | D:2      | Reached XP level 3. HP: 19/24 MP: 1/6
  2105 | D:2      | Learned a level 3 spell: Vampiric Draining
  2919 | D:3      | Gained mutation: You are mostly covered in sharp spines.
                  | [demonic ancestry]
  2919 | D:3      | Reached XP level 4. HP: 25/30 MP: 8/8
  3329 | D:3      | Noticed Natasha
  3337 | D:3      | Killed Natasha
  3338 | D:3      | Reached skill level 1 in Short Blades
  3731 | D:3      | Noticed Natasha
  3737 | D:3      | Killed Natasha
  3744 | D:3      | Noticed Natasha
  3751 | D:3      | Killed Natasha
  3752 | D:3      | Gained mutation: You have sharp fingernails. [demonic
                  | ancestry]
  3752 | D:3      | Reached XP level 5. HP: 17/35 MP: 6/10
  4113 | D:3      | Identified a scroll of acquirement
  4113 | D:3      | Acquired 906 gold pieces
  4229 | D:1      | Bought a masterwork eveningstar for 480 gold pieces
  4229 | D:1      | Identified the +4 eveningstar of the Heavens {freeze,
                  | Will+} (You bought it in a shop on level 1 of the Dungeon)
  4230 | D:1      | Bought a scroll labelled HENWUPO EVIJ for 24 gold pieces
  4230 | D:1      | Bought a fuming brown potion for 21 gold pieces
  4230 | D:1      | Bought a murky orange potion for 21 gold pieces
  4230 | D:1      | Bought a white potion for 21 gold pieces
  4230 | D:1      | Bought a scroll labelled IDWURA QUPH for 24 gold pieces
  5011 | D:4      | Noticed a lemure
  5012 | D:4      | Noticed a lemure
  5013 | D:4      | Noticed a lemure
  5013 | D:4      | Noticed a lemure
  5022 | D:4      | Killed a lemure
  5023 | D:4      | Noticed Pikel
  5038 | D:4      | Killed a lemure
  5046 | D:4      | HP: 1/35 [Pikel (1)]
  5050 | D:4      | Killed Pikel
  5051 | D:4      | Reached skill level 1 in Unarmed Combat
  5051 | D:4      | Reached skill level 5 in Spellcasting
  5051 | D:4      | Gained mutation: You regenerate magic rapidly. [demonic
                  | ancestry]
  5051 | D:4      | Reached XP level 6. HP: 11/41 MP: 1/14
  5051 | D:4      | Reached XP level 7. HP: 13/46 MP: 1/15
  5961 | D:4      | Acquired a book of Cantrips
  6284 | D:5      | Entered Level 5 of the Dungeon
  6428 | D:5      | Gained mutation: When hurt, damage is shared between your
                  | health and your magic reserves. [demonic ancestry]
  6428 | D:5      | Reached XP level 8. HP: 43/52 MP: 11/17
  7242 | D:5      | Found a sacrificial altar of Ru.
  7329 | D:5      | Noticed Blork the orc
  7338 | D:5      | Killed Blork the orc
  8484 | D:6      | Found a runed translucent gate.
  8484 | D:6      | Found a runed translucent gate.
  8484 | D:6      | Found a runed translucent gate.
  8489 | D:6      | Noticed lawman0's ghost (novice DDFi)
  8490 | D:6      | Noticed a kobold demonologist
  8743 | D:7      | Found a staircase to the Ecumenical Temple.
  8763 | Temple   | Entered the Ecumenical Temple
  8989 | Temple   | Became a worshipper of Kikubaaqudgha
  9062 | D:7      | Reached XP level 9. HP: 31/57 MP: 12/21
  9754 | D:8      | Found a flagged portal.
  9787 | Bailey   | Entered a bailey
  9787 | Bailey   | Noticed an orc knight
  9803 | Bailey   | Gained mutation: You are covered in fur. (AC +1) [potion of
                  | mutation]
  9803 | Bailey   | Gained mutation: Your muscles are strong. (Str +2) [potion
                  | of mutation]
  9805 | Bailey   | Slain by an orc warrior

Illustrated notes

Levels and vault maps discovered:
D:1:      eino_arrival_cavern_c, layout_basic, serial_shops, nicolae_shop_stone,
          shop_fountains, nicolae_shop_competitors_out_of_business,
          nicolae_shop_overgrown_old_shop, ebering_ecumenical_altar_mist,
          chequers_serial_rivers_room_a, minmay_misc_feat_nine_boxes
D:2:      layout_loops_ring
D:3:      layout_basic, uniq_natasha
D:4:      layout_rooms, uniq_pikel
D:5:      layout_basic, nicolae_overflow_crystal_walls, moated_statue,
          uniq_blork_the_orc
D:6:      layout_basic, gammafunk_ghost_nasty_kobolds, minmay_liquid_box
D:7:      layout_cave_pools, minmay_temple_entry_statues_fountains,
          uniq_crazy_yiuf_cottage
D:8:      layout_basic, trog_book, enter_bailey_3, dk_noncrumbling_2,
          lemuel_old_faithful, uniq_maggie, uniq_psyche
Temple:   nicolae_temple_elliptical
Bailey:   bailey_polearm_4, bailey

Skill      XL: |  1  2  3  4  5  6  7  8  9 |
---------------+----------------------------+-----
Stealth        | 2 |  2.0
Necromancy     | 5 6 7 8 |  8.2
Spellcasting   | 3 5 6 8 |  8.5
Short Blades   | 1 |  1.3
Unarmed Combat | 1 2 4 |  4.7
Dodging        | 2 |  2.8

Action                   |  1- 3 |  4- 6 |  7- 9 || total
-------------------------+-------+-------+-------++-------
Melee: Unarmed           |     5 |    38 |   161 ||   204
       Short sword       |    14 |     8 |       ||    22
       Punch             |       |       |     4 ||     4
 Cast: Pain              |    76 |    35 |    68 ||   179
       Vampiric Draining |       |     4 |     9 ||    13
  Use: Scroll            |     1 |     5 |    15 ||    21
       Potion            |       |     1 |     4 ||     5
 Stab: Sleeping          |       |       |     3 ||     3
Armor: Robe              |     5 |    12 |    39 ||    56
       Steam dragon scal |       |       |     2 ||     2
Dodge: Dodged            |    23 |    29 |   131 ||   183

Table legend: (Time is in decaauts)
 A = Elapsed time spent in this place.
 B = Non-inter-level travel time spent in this place.
 C = Inter-level travel time spent in this place.
 D = Time resting spent in this place.
 E = Time spent auto-exploring this place.
 F = Levels seen in this place.
 G = Mean time per level.
                   A        B        C        D        E       F      G
               +--------+--------+--------+--------+--------+-----+--------+
         Total |   9835 |   9520 |    315 |   2085 |   6067 |  10 |  983.5 |
       Dungeon |   9580 |   9275 |    305 |   2085 |   5875 |   8 | 1197.5 |
        Temple |    237 |    227 |     10 |      0 |    192 |   1 |  237.0 |
        Bailey |     17 |     17 |      0 |      0 |      0 |   1 |   17.0 |
               +--------+--------+--------+--------+--------+-----+--------+

Top non-repeatable levels by time:
     D:3: 2031 daAuts
     D:1: 1795 daAuts
     D:4: 1616 daAuts
     D:5: 1307 daAuts
     D:6: 1094 daAuts
     D:2: 880 daAuts
     D:7: 756 daAuts
  Temple: 237 daAuts
     D:8: 98 daAuts
  Bailey: 17 daAuts
